 Dungeon Crawl Stone Soup version 0.31.0-1-g2c135a008e (webtiles) character file.

Game seed: 15341860489394980243

554 qw the Shooter (level 7, -3/52 HPs)
             Began as a Djinni Hunter on Jan 24, 2024.
             Slain by a wight
             ... wielding a +0 long sword
              (6 damage)
             ... on level 4 of the Dungeon.
             The game lasted 00:00:11 (2742 turns).

qw the Shooter (Djinni Hunter)                      Turns: 2742, Time: 00:00:12

Health: -3/52      AC:  3    Str: 10    XL:     7   Next: 55%
Gold:   180        EV: 13    Int: 11    God:
                   SH:  0    Dex: 18

rFire   + + .        a - +1 shortbow
rCold   x . .        (shield currently unavailable)
rNeg    . . .        c - +0 leather armour
rPois   inf          (no helmet)
rElec   .            (no cloak)
rCorr   .            (no gloves)
SInv    .            (boots unavailable)
Will    .....        d - amulet of regeneration
Stlth   ++           (no ring)
HPRegen 1.08/turn    (no ring)
MPRegen 0.00/turn

%: infuse magic (-4 HP)
@: about to teleport, flying
A: sickness immunity, fire resistance 2, cold vulnerability 1, float, innate
caster, HP casting, extra vitality 1
a: no special abilities


You were on level 4 of the Dungeon.
You visited 1 branch of the dungeon, and saw 4 of its levels.

You collected 180 gold pieces.


Innate Abilities, Weirdness & Mutations

You are immune to sickness and miasma.
You are immune to poison.
Your flesh is very heat resistant. (rF++)
You are vulnerable to cold. (rC-)
You float through the air rather than walking.
You learn spells naturally, not from books.
Your magical power is your life essence.
You have superior vitality. (+4 MHP)


   Skills:
 - Level 4.3 Fighting
 + Level 5.6 Ranged Weapons
 - Level 4.3 Dodging
 - Level 0.7 Stealth


You knew the following spells:

 Your Spells              Type           Power      Damage    Failure   Level
a - Kiss of Death         Conj/Necr      0%         2d5       43%         1
b - Searing Ray           Conj           0%         2d4       58%         2
c - Dazzling Flash        Conj/Hex       0%         N/A       82%         3
Your spell library was empty.

Inventory:

Hand Weapons
 a - a +1 shortbow (weapon)
Armour
 c - a +0 leather armour (worn)
 r - a +0 cloak
Jewellery
 d - an amulet of regeneration (around neck)
 p - a ring of wizardry
Wands
 l - a wand of charming (14)
 q - a wand of mindburst (11)
Scrolls
 h - 2 scrolls of teleportation
 n - a scroll of silence {unknown}
 o - a scroll of blinking {unknown}
 s - a scroll of revelation {unknown}
Potions
 b - a potion of heal wounds {unknown}
 e - 2 potions of curing
 f - a potion of haste
 g - a potion of attraction {unknown}
 i - a potion of degeneration {unknown}
 j - a potion of magic {unknown}
 k - a potion of ambrosia {unknown}
 m - a potion of mutation {unknown}

Dungeon Overview and Level Annotations

Branches:
Dungeon (4/15)
 Temple: D:4-7

Altars:


Message History

The arrow hits the wight but does no damage.
The wight closely misses you.
You shoot an arrow. The arrow barely misses the wight.
The arrow hits the wight.
The wight is moderately damaged.
The wight barely misses you.
You shoot an arrow. The arrow hits the wight.
The wight is moderately damaged.
You shoot an arrow. The arrow closely misses the wight. x2
You shoot an arrow.
The arrow hits the wight but does no damage.
The wight is moderately damaged.
The wight barely misses you.
You shoot an arrow. The arrow hits the wight.
The wight is severely damaged.
The wight hits you with a +3 mace! x2
You shoot an arrow. The arrow hits the wight.
The wight is almost destroyed.
The wight hits you with a +3 mace!
You shoot an arrow. The arrow hits the wight.
You destroy the wight!
You shoot an arrow.
The arrow hits the wight but does no damage.
The wight is moderately damaged.
The wight closely misses you.
You shoot an arrow.
The arrow hits the wight but does no damage.
The wight is moderately damaged.
The wight barely misses you.
You shoot an arrow. The arrow barely misses the wight.
The wight hits you with a +0 long sword!
You shoot an arrow. The arrow closely misses the wight.
The wight hits you with a +0 long sword.
The wight hits you with a +0 long sword!
2741 ||| READING 3 scrolls of teleportation.
As you read the scroll of teleportation, it crumbles to dust.
You feel strangely unstable.
The wight hits you with a +0 long sword.
You shoot an arrow. The arrow barely misses the wight.
The wight hits you with a +0 long sword.
You die...

####......#.#
..........#.# .#
..........#.# .
.####.#.[##.#####.#
.# #.....%.).....#
.# ###..#######.##
.# #..# #.#
.#######.# #z#
.##......# #@#
.##.####.##### #.#
.##.# #.....# #.#
.##.# #####.# #.#
.##.# #.# #.# .##.#
#.# #.# .##.##
##.###.#
.....######.).##.#
###.......^.#....#


You could see a wight.

Vanquished Creatures
  2 phantoms
  2 scorpions (D:4)
  2 wights (D:4)
  A jelly (D:4)
  A sleepcap (D:4)
  An iguana (D:4)
  3 adders
  2 dart slugs (D:1)
  2 ribbon worms (D:2)
  An orc (D:3)
  7 ball pythons
  3 bats
  6 endoplasms
  4 giant cockroaches
  6 goblins
  8 hobgoblins
  8 kobolds
  3 quokkas
  A frilled lizard (D:1)
  7 rats
70 creatures vanquished.

Notes
Turn   | Place    | Note
-------+----------+-------------------------------------------
     0 | D:1      | qw the Djinni Hunter began the quest for the Orb.
     0 | D:1      | Reached XP level 1. HP: 18/18 MP: 0/0
     0 | D:1      | 0 ||| qw: Version: 0.3-a-136-gdd3b4e8
     0 | D:1      | 0 ||| qw: Game counter: 1231
     0 | D:1      | 0 ||| qw: Melee chars always use a shield: true
     0 | D:1      | 0 ||| qw: God list: Okawaru
     0 | D:1      | 0 ||| qw: Allow faded altars: false
     0 | D:1      | 0 ||| qw: Do Orc after clearing Dungeon:15 true
     0 | D:1      | 0 ||| qw: Do second Lair branch before Depths: true
     0 | D:1      | 0 ||| qw: Lair rune preference: random
     0 | D:1      | 0 ||| qw: Goals: Normal
     0 | D:1      | 0 ||| PLANNING D:1-11
   233 | D:1      | Reached XP level 2. HP: 23/23 MP: 0/0
   621 | D:1      | Reached skill level 4 in Ranged Weapons
   621 | D:1      | Reached XP level 3. HP: 28/28 MP: 0/0
   621 | D:1      | Learned a level 1 spell: Kiss of Death
   827 | D:1      | 827 ||| UPGRADING to amulet of regeneration.
   832 | D:1      | 832 ||| READING 3 scrolls labelled EHUTOS PAULOF.
   832 | D:1      | 832 ||| IDENTIFYING metallic cyan potion
   833 | D:1      | 833 ||| READING 2 scrolls of identify.
   833 | D:1      | 833 ||| IDENTIFYING purple potion
   834 | D:1      | 834 ||| READING scroll of identify.
   834 | D:1      | 834 ||| IDENTIFYING 2 pink potions
   835 | D:1      | 835 ||| DROPPING scroll of butterflies.
   836 | D:1      | 836 ||| DROPPING potion of berserk rage.
   848 | D:2      | 848 ||| STAIRDANCE
  1032 | D:2      | You are sucked into a shaft and drop 1 floor!
  1033 | D:3      | 1033 ||| READING scroll labelled TIUMIY WIBLATT.
  1041 | D:3      | 1041 ||| FLEEEEING.
  1042 | D:3      | 1042 ||| STAIRDANCE
  1386 | D:2      | 1386 ||| READING scroll labelled EHIUCK GUELOE.
  1390 | D:2      | 1390 ||| READING scroll labelled GIDOTTIYHI.
  1390 | D:2      | 1390 ||| ENCHANTING +0 shortbow.
  1391 | D:2      | 1391 ||| READING scroll labelled LEHOEB PIDERUGOTWU.
  1421 | D:3      | Reached skill level 3 in Fighting
  1421 | D:3      | Reached XP level 4. HP: 26/35 MP: 0/0
  1495 | D:3      | 1495 ||| FLEEEEING.
  1497 | D:3      | 1497 ||| FLEEEEING.
  1498 | D:3      | 1498 ||| FLEEEEING.
  1818 | D:3      | 1818 ||| READING scroll labelled RIALUY LAERYTZ.
  1936 | D:4      | Noticed a phantom
  1939 | D:4      | 1939 ||| STAIRDANCE
  1945 | D:4      | 1945 ||| STAIRDANCE
  1960 | D:3      | Killed a phantom
  1961 | D:3      | Reached XP level 5. HP: 19/40 MP: 0/0
  1961 | D:3      | Learned a level 2 spell: Searing Ray
  2041 | D:4      | Reached XP level 6. HP: 23/46 MP: 0/0
  2127 | D:4      | Reached skill level 5 in Ranged Weapons
  2339 | D:4      | Reached XP level 7. HP: 45/52 MP: 0/0
  2339 | D:4      | Learned a level 3 spell: Dazzling Flash
  2740 | D:4      | HP: 7/52 [wight/+0 long sword (7)]
  2741 | D:4      | 2741 ||| READING 3 scrolls of teleportation.
  2741 | D:4      | HP: 2/52 [wight/+0 long sword (6)]
  2742 | D:4      | Slain by a wight

Levels and vault maps discovered:
D:1:      dpeg_arrival_connections, layout_basic
D:2:      layout_basic
D:3:      layout_basic, moated_statue
D:4:      layout_loops_ring

Skill      XL: |  1  2  3  4  5  6 |
---------------+-------------------+-----
Ranged Weapons | 4 5 |  5.6
Fighting       | 3 4 |  4.3
Dodging        | 4 |  4.3
Stealth        | |  0.7

Action                     |  1- 3 |  4- 6 |  7- 9 || total
---------------------------+-------+-------+-------++-------
   Fire: Shortbow          |    86 |   118 |    48 ||   252
    Use: Scroll            |     7 |     1 |     1 ||     9
 Armour: Leather armour    |    11 |    41 |    22 ||    74
  Dodge: Dodged            |     6 |    52 |    15 ||    73

Table legend:
 A = Non-vault XP
 B = Vault XP
 C = Vault XP percentage of total XP
 D = Non-vault monster count
 E = Vault monster count
 F = Vault count percentage of total count
                 A         B        C        D         E       F
            +---------+---------+-------+---------+---------+-------
      Total |     792 |       0 |   0.0 |      70 |       0 |   0.0
            +---------+---------+-------+---------+---------+-------
        D:1 |      30 |       0 |   0.0 |      16 |       0 |   0.0
        D:2 |      36 |       0 |   0.0 |      19 |       0 |   0.0
        D:3 |     157 |       0 |   0.0 |      17 |       0 |   0.0
        D:4 |     569 |       0 |   0.0 |      18 |       0 |   0.0
            +---------+---------+-------+---------+---------+-------
